cohdb
Replays
Latest Replays
All Replays
Popular Replays
Top Player Replays
Match Explorer
How It Works
Community
CoH3 Stats
Reddit
Sign in to upload your games and track your stats! →
Sign in with Steam
Match 43454752
Unlisted
Match 43454752
Overview
Messages
Build Orders
End
Selects Panzerjäger Kommand Battlegroup
Selects Mine Fields
Kradschützen Motorcycle Team
250 Light Carrier
Panzergrenadier Squad
Panzergrenadier Squad
250 Light Carrier
Panzerpioneer Squad
Construct Light Support Kompanie
Fire Support Elements
Panzerjäger Mechanized Group
MG34 Team
Selects Defensive Positions
Selects Tank Busters
Pak 38 Anti-tank Gun Team
Selects Butterfly Bomb Drop
2.5-tonne Medical Truck
AI Takeover
Moltke1871
Hime Sama
xd3athx
Sąsiad
0
0
Comments
sign in to comment!
No comments posted yet!